Map: Tourmaline LE

Players

Jash - Winner!

  • Race: Zerg Zerg
  • League: Diamond
  • Spawn Location: 7:00

HoldTheDoor

  • Race: Protoss Protoss
  • League: Diamond
  • Spawn Location: 1:00

VOD

Have the link to the VOD?

Description

Time

  • Played on: May 1, 2026, 12:36 p.m.
  • Length: 3:39
Show
View Real Time Build Order
Export as new Build Order

Jash Zerg - Winner!

Build Orders: Pool First 

Get SALT Encoding   

  12  0:17  Spawning Pool  
  11  0:22  Drone  
  11  0:27  Drone  
  13  0:31  Drone  
  14  0:40  Overlord  
  14  0:48  Extractor  
  13  0:50  Drone  
  14  1:13  Hatchery  
  14  1:17  Drone  
  14  1:30  Queen  
  16  1:41  Zergling x4  
  16  1:45  Zergling x2  
  19  1:53  Metabolic Boost  
  19  1:59  Zergling x2  
  20  2:10  Baneling Nest  
  19  2:19  Zergling x4  
  21  2:30  Zergling x4  
  23  2:38  Zergling x4  
  23  2:43  Zergling x2  
  26  2:48  Zergling x2  
  27  2:53  Zergling x2  
  27  2:56  Baneling  
  28  2:59  Baneling  
  28  3:01  Baneling  
  28  3:06  Baneling x2  
  28  3:09  Baneling  
  28  3:17  Baneling  
Show
View Real Time Build Order
Export as new Build Order

HoldTheDoor Protoss 

Build Orders:  

Get SALT Encoding   

  12  0:00  Probe  
  13  0:12  Probe  
  14  0:19  Pylon  
  14  0:24  Probe  
  15  0:33  Probe  
  15  0:39  Gateway  
  15  0:41  Probe  
  16  0:49  Assimilator  
  17  1:04  Forge  
  17  1:07  Probe  
  18  1:19  Probe  
  19  1:26  Cybernetics Core  
  19  1:37  Photon Cannon  
  19  1:39  Probe  
  20  1:51  Probe  
  21  2:03  Probe  
  22  2:09  Nexus  
  22  2:15  Pylon  
  22  2:19  Probe  
  23  2:23  Stalker  
  23  2:33  Probe  
  26  2:45  Probe  
  26  2:49  Gateway  
  27  2:55  Pylon  
  27  2:57  Stalker  
  27  2:58  Probe  
  30  3:10  Probe  
  31  3:15  Robotics Facility  
  31  3:22  Probe  
  31  3:23  Probe  
Tags
 
Matchup
PvZ
Opening
Pool First
Replay Pack
SC2Mai2026
Spawn Locations
Cross Positions
Add a new tag
Caveats
  • Supply blocks, unpowered buildings, or Contaminate may cause inaccurate times.
  • Supply counts are checked every 10 seconds.